 Dungeon Crawl Stone Soup version 0.21-a0-434-g806c6c2 (webtiles) character file.

495 wvc the Carver (level 7, 18/60 HPs)
             Began as a Barachi Wanderer on Nov 8, 2017.
             Quit the game on level 4 of the Dungeon.
             The game lasted 00:12:47 (3742 turns).

wvc the Carver (Barachi Wanderer)                   Turns: 3742, Time: 00:12:47

Health: 18/60      AC:  6    Str: 12    XL:     7   Next: 15%
Magic:  16/16      EV:  9    Int: 12    God:
Gold:   158        SH:  0    Dex: 15    Spells: 6/6 levels left

rFire    . . .     SeeInvis .   g - +0 scimitar
rCold    . . .     Gourm    .   (no shield)
rNeg     . . .     Faith    .   p - +1 ring mail
rPois    .         Spirit   .   i - +0 hat
rElec    .         Reflect  .   (no cloak)
rCorr    .         Harm     .   (no gloves)
MR       .....                  (no boots)
Stlth    +.........             (no amulet)
HPRegen  0.20/turn              j - ring of magical power
MPRegen  0.15/turn              (no ring)

@: extremely drained, slow
A: +LOS, swims, slowness 1, strong legs 1
a: Hop


You were on level 4 of the Dungeon.
You were not hungry.

You visited 1 branch of the dungeon, and saw 4 of its levels.

You collected 158 gold pieces.

Inventory:

Hand Weapons
 c - a +0 long sword
 d - a +1 falchion
 g - a +0 scimitar (weapon)
Missiles
 e - 7 needles of confusion
Armour
 i - a +0 hat (worn)
 p - a +1 ring mail (worn)
Jewellery
 j - a ring of magical power (left hand)
 o - an uncursed ring of teleportation
Wands
 t - a wand of random effects (21/48)
Scrolls
 a - 3 scrolls of remove curse
 h - a scroll of amnesia
 k - a scroll of enchant weapon
 q - a scroll of blinking
Potions
 m - 4 potions of curing
 r - a potion of cancellation
 s - a potion of ambrosia
Comestibles
 f - 4 bread rations


   Skills:
 - Level 7.4(0.0) Fighting
   Level 3.0(0.0) Short Blades
 + Level 10.0(0.0) Long Blades
 - Level 7.4(0.0) Armour
 - Level 5.8(0.0) Dodging
 - Level 2.6(0.0) Stealth
   Level 1.1(0.0) Shields
 - Level 1.1(0.0) Unarmed Combat


You had 6 spell levels left.
You didn't know any spells.

Dungeon Overview and Level Annotations

Branches:
Dungeon (4/15)
 Temple: D:4-7

Altars:
Fedhas
Gozag
Zin

Shops:
D:4 (

Annotations:
D:2 Sigmund
D:4 mhoghedin's ghost, novice SpAr


Innate Abilities, Weirdness & Mutations

Shadows flee at your approach. (+LOS)
You can swim through water.
You cover ground slowly.
You can hop short distances.


Message History

Mhoghedin's ghost hits you but does no damage.
Throwing (i - inventory):
n - a throwing net (quivered)
Press: ? - help, Shift-Dir - straight line, f - mhoghedin's ghost
Aim: mhoghedin's ghost, wielding a weapon of draining (moderately damaged, immune to nets)
You throw a throwing net.
The throwing net hits mhoghedin's ghost.
The net passes right through mhoghedin's ghost!
Mhoghedin's ghost is moderately damaged.
Mhoghedin's ghost hits you but does no damage.
You completely miss mhoghedin's ghost.
Mhoghedin's ghost is moderately damaged.
Mhoghedin's ghost hits you but does no damage. x2
You completely miss mhoghedin's ghost.
Mhoghedin's ghost is moderately damaged.
You feel less wooden.
Your +0 hat unmelds from your body.
Your +1 ring mail unmelds from your body.
Mhoghedin's ghost hits you but does no damage.
You feel drained.
Are you sure you want to abandon this character and quit the game? (Confirm with "yes".)

######.###.............
###............>.......##
#........####..........##
######.>.................
#......######.#########
#......# #.# ####
#......# #.# #...
#.....W# #.# ####.##
#.....@# #.###....#
#......# #.....####
######## #######


You could see mhoghedin's ghost.

Vanquished Creatures
  3 howler monkeys
  A hound (D:4)
  Ijyb (D:4)
  A worker ant (D:4)
  A hound skeleton (D:3)
  4 gnolls (D:2)
  4 adders
  2 worms
  3 dart slugs
  A leopard gecko (D:1)
  5 orcs (D:3)
  3 giant cockroaches
  9 goblins
  6 hobgoblins
  3 jackals (D:4)
  4 kobolds
  5 bats
  5 frilled lizards
  10 rats
71 creatures vanquished.

Notes
Turn   | Place    | Note
-------+----------+-------------------------------------------
     0 | D:1      | wvc the Barachi Wanderer began the quest for the Orb.
     0 | D:1      | wvc set off with: a +2 dagger, a potion of berserk rage, a scroll of teleportation, a +0 falchion, a +0 robe, a bread ration
     0 | D:1      | Reached XP level 1. HP: 18/18 MP: 1/1
    51 | D:1      | Reached skill level 1 in Short Blades
    67 | D:1      | Reached XP level 2. HP: 13/24 MP: 2/2
    77 | D:1      | HP: 1/24 [rat (2)]
   586 | D:1      | Reached XP level 3. HP: 7/29 MP: 3/3
  1123 | D:2      | Reached skill level 1 in Armour
  1191 | D:2      | Reached XP level 4. HP: 34/36 MP: 4/4
  1619 | D:2      | Noticed Sigmund
  1902 | D:2      | Found a glowing silver altar of Zin.
  2096 | D:3      | Reached skill level 2 in Long Blades
  2096 | D:3      | Reached XP level 5. HP: 27/41 MP: 5/5
  2427 | D:3      | Reached skill level 9 in Long Blades
  2427 | D:3      | Reached skill level 5 in Dodging
  2427 | D:3      | Reached XP level 6. HP: 55/55 MP: 6/6
  3179 | D:4      | Noticed Ijyb
  3192 | D:4      | Killed Ijyb
  3236 | D:4      | Reached XP level 7. HP: 56/60 MP: 7/7
  3429 | D:4      | Noticed mhoghedin's ghost (novice SpAr)
  3458 | D:4      | Found Naplynoh's Antique Weapon Shop.
  3469 | D:4      | Reached skill level 10 in Long Blades
  3629 | D:4      | Found an opulent altar of Gozag.
  3629 | D:4      | Found a blossoming altar of Fedhas.
  3742 | D:4      | Quit the game

Vault maps used:
D:1:      roderic_crop_circles_arrival_small
D:2:      zin_statuary, serial_bayou_crossing, uniq_sigmund
D:4:      gammafunk_temple_overflow_wave, first_bread, serial_shops,
          nicolae_shop_overgrown_old_shop, uniq_ijyb

Skill      XL: |  1  2  3  4  5  6  7 |
---------------+----------------------+-----
Short Blades   | 1 2 3 |  3.0
Armour         | 2 3 7 |  7.4
Long Blades    | 2 9 10 | 10.0
Fighting       | 7 |  7.4
Dodging        | 5 |  5.8
Stealth        | |  2.6
Shields        | |  1.1
Unarmed Combat | |  1.1

Action                   |  1- 3 |  4- 6 |  7- 9 || total
-------------------------+-------+-------+-------++-------
Melee: Falchion          |    76 |    96 |       ||   172
       Scimitar          |       |    38 |    78 ||   116
Throw: Throwing net      |       |     1 |     1 ||     2
Evoke: Wand              |       |       |     4 ||     4
  Use: Potion            |     3 |     2 |     5 ||    10
       Scroll            |     7 |     7 |     2 ||    16
 Stab: Sleeping          |     2 |     2 |       ||     4
       Distracted        |       |     1 |       ||     1
       Held in net/web   |       |     1 |       ||     1
  Eat: Chunk             |     1 |     6 |       ||     7
       Royal jelly       |       |     1 |       ||     1
       Meat ration       |       |       |     1 ||     1
Armor: Robe              |    12 |       |       ||    12
       Ring mail         |     6 |    56 |    44 ||   106
       Skin              |       |       |    27 ||    27
Dodge: Dodged            |    40 |    70 |    25 ||   135
       Rpst.: Falchion   |    19 |    22 |       ||    41
       Scimitar          |       |     6 |     8 ||    14

Table legend:
 A = Spawn XP
 B = Non-spawn XP
 C = Spawn XP percentage of total XP
 D = Spawn monster count
 E = Non-spawn monster count
 F = Spawn count percentage of total count
 G = Total turns spent on level
                    A         B        C        D         E        F      G
               +---------+---------+-------+---------+---------+-------+---------
         Total |       0 |     515 |   0.0 |       0 |      71 |   0.0 |  3742
               +---------+---------+-------+---------+---------+-------+---------
           D:1 |       0 |      42 |   0.0 |       0 |      24 |   0.0 |  1000
           D:2 |       0 |     105 |   0.0 |       0 |      18 |   0.0 |  1014
           D:3 |       0 |     139 |   0.0 |       0 |      20 |   0.0 |  1104
           D:4 |       0 |     229 |   0.0 |       0 |       9 |   0.0 |   624
               +---------+---------+-------+---------+---------+-------+---------
